[Event "6th Uppsala Young Champions 2019"]
[Site "Uppsala"]
[Date "2019.10.25"]
[Round "1.1"]
[White "Mihajlov, Sebastian"]
[Black "Carlsson, Ludvig"]
[Result "1-0"]
[ECO "A40"]
[WhiteElo "2387"]
[BlackElo "2066"]
[Annotator "NA"]
[PlyCount "43"]
[EventDate "2019.10.25"]
[EventType "swiss"]
[EventCountry "SWE"]
[SourceTitle "playchess.com"]
[Source "ChessBase"]
[SourceQuality "1"]
[TimeControl "5400+30"]

1. d4 e6 2. c4 b6 3. Nc3 Bb7 4. a3 f5 5. d5 Nf6 6. Nf3 Bd6 7. g3 O-O 8. Bg2 Ne4 9. Nxe4 fxe4 10. Ng5 b5 11. Bxe4 h6 12. dxe6 Nc6 13. cxb5 hxg5 14. bxc6 Bxc6 15. Qb3 Rb8 16. Qc4 Bb5 17. Qd5 Qf6 18. exd7+ Kh8 19. Be3 Bxe2 20. h4 Bh5 21. hxg5 Qxb2 22. Rxh5# 1-0

[Event "6th Uppsala Young Champions 2019"]
[Site "Uppsala"]
[Date "2019.10.25"]
[Round "1.5"]
[White "Sorensen, Hampus"]
[Black "Falkevall, Axel"]
[Result "0-1"]
[ECO "D30"]
[WhiteElo "2330"]
[BlackElo "2036"]
[Annotator "RC"]
[PlyCount "64"]
[EventDate "2019.10.25"]
[EventType "swiss"]
[EventCountry "SWE"]
[SourceTitle "playchess.com"]
[Source "ChessBase"]
[SourceQuality "1"]
[TimeControl "5400+30"]

1. d4 e6 2. c4 Nf6 3. Nf3 d5 4. Bg5 Bb4+ 5. Nbd2 dxc4 6. Qa4+ Nc6 7. e3 Qd5 8. Bxf6 gxf6 9. a3 b5 10. Qc2 Bxd2+ 11. Nxd2 Bb7 12. Rg1 f5 13. g4 fxg4 14. Bg2 Qf5 15. Be4 Qh5 16. b3 f5 17. Bg2 Qxh2 18. O-O-O Nxd4 19. exd4 Bxg2 20. bxc4 bxc4 21. Nxc4 O-O 22. Qd2 Bd5 23. Ne5 Kh8 24. Qg5 Be4 25. Kb2 c5 26. Qe7 cxd4 27. Qc7 Qh5 28. f3 Rac8 29. Qd6 Bd5 30. Nd7 f4 31. Nxf8 Qh2+ 32. Ka1 Qa2# 0-1

[Event "6th Uppsala Young Champions 2019"]
[Site "Uppsala"]
[Date "2019.10.25"]
[Round "1.10"]
[White "Narva, David"]
[Black "Thorhallsson, Simon"]
[Result "1-0"]
[ECO "B50"]
[WhiteElo "1979"]
[BlackElo "2190"]
[Annotator "RC"]
[PlyCount "101"]
[EventDate "2019.10.25"]
[EventType "swiss"]
[EventCountry "SWE"]
[SourceTitle "playchess.com"]
[Source "ChessBase"]
[SourceQuality "1"]
[TimeControl "5400+30"]

1. e4 c5 2. Nf3 d6 3. Bc4 Nf6 4. c3 e6 5. d3 Nc6 6. Bb3 Be7 7. O-O d5 8. e5 Nd7 9. d4 O-O 10. Re1 Re8 11. Nbd2 cxd4 12. cxd4 b6 13. Nf1 Ba6 14. a3 Rc8 15. Ba2 Na5 16. Ne3 Nc4 17. Nxc4 Bxc4 18. Bb1 Nf8 19. Nd2 Bb5 20. b4 Bc6 21. Bd3 Qd7 22. Qe2 Ba4 23. Nf3 Red8 24. Bd2 b5 25. Ng5 h6 26. Nh3 f5 27. exf6 Bxf6 28. Qg4 Kh8 29. Rac1 Rxc1 30. Rxc1 Rc8 31. Rc5 Be7 32. Rxc8 Qxc8 33. Nf4 Bc2 34. Nh5 g5 35. Qe2 Kg8 36. Qe5 Kf7 37. Bxb5 Nd7 38. Qg7+ Ke8 39. Qg8+ Bf8 40. Nf6+ Ke7 41. Nxd7 a6 42. Nxf8 axb5 43. Ng6+ Kd7 44. Qg7+ Kd6 45. Qe7+ Kc6 46. Qc5+ Kb7 47. Qxb5+ Ka8 48. Ne5 Be4 49. Nd7 Ka7 50. Qc5+ Kb7 51. Qxc8+ 1-0

[Event "6th Uppsala Young Champions 2019"]
[Site "Uppsala"]
[Date "2019.10.25"]
[Round "1.13"]
[White "Palozza, Christian"]
[Black "Soderstrom, Adrian"]
[Result "1-0"]
[ECO "E62"]
[WhiteElo "2187"]
[BlackElo "1960"]
[Annotator "RC"]
[PlyCount "89"]
[EventDate "2019.10.25"]
[EventType "swiss"]
[EventCountry "SWE"]
[SourceTitle "playchess.com"]
[Source "ChessBase"]
[SourceQuality "1"]
[TimeControl "5400+30"]

1. d4 Nf6 2. c4 g6 3. Nf3 Bg7 4. g3 O-O 5. Bg2 d6 6. Nc3 Nc6 7. O-O e5 8. dxe5 dxe5 9. Qxd8 Rxd8 10. Bg5 Be6 11. Nd2 h6 12. Bxf6 Bxf6 13. Rfd1 Bg5 14. e3 Bg4 15. Nf3 Rxd1+ 16. Rxd1 Rd8 17. Rxd8+ Bxd8 18. Nd2 Be6 19. Kf1 Kf8 20. a3 Na5 21. Bd5 Ke7 22. Ke2 Bxd5 23. cxd5 b6 24. b4 Nb7 25. Nc4 f6 26. Nb5 a6 27. Na7 Nd6 28. Nc6+ Kd7 29. Nxd6 cxd6 30. Nb8+ Kc8 31. Nc6 f5 32. a4 Bf6 33. e4 Kc7 34. Ke3 fxe4 35. Kxe4 Kd7 36. Nb8+ Kc8 37. Nxa6 b5 38. axb5 Kb7 39. Nc5+ dxc5 40. bxc5 Kc7 41. d6+ Kd7 42. Kd5 e4 43. c6+ Kc8 44. b6 h5 45. c7 1-0

[Event "6th Uppsala Young Champions 2019"]
[Site "Uppsala"]
[Date "2019.10.25"]
[Round "1.15"]
[White "Papunidi, Matvey"]
[Black "Dingertz, Erik"]
[Result "1-0"]
[ECO "A29"]
[WhiteElo "2083"]
[BlackElo "1908"]
[Annotator "NA RC"]
[PlyCount "67"]
[EventDate "2019.10.25"]
[EventType "swiss"]
[EventCountry "SWE"]
[SourceTitle "playchess.com"]
[Source "ChessBase"]
[SourceQuality "1"]
[TimeControl "5400+30"]

1. c4 e5 2. Nc3 Nf6 3. g3 d5 4. cxd5 Nxd5 5. Bg2 Nb6 6. Nf3 Nc6 7. O-O Be6 8. d3 Be7 9. Be3 O-O 10. Qd2 Nd5 11. Nxd5 Bxd5 12. Rfc1 f5 13. Bc5 Re8 14. Bxe7 Qxe7 15. Qc3 Rad8 16. Nh4 Nd4 17. Bxd5+ Rxd5 18. Kf1 g5 19. Nxf5 Nxf5 20. e4 Nxg3+ 21. hxg3 Rd7 22. Qb3+ Qf7 23. Qxb7 Rf8 24. Qxa7 Rd4 25. Rc2 Qf3 26. Kg1 Rxd3 27. Rf1 Rd1 28. Qa6 Rfd8 29. Qe6+ Kf8 30. Qf5+ Qxf5 31. exf5 R1d2 32. Rxc7 Rxb2 33. Rxh7 Rxa2 34. Rh8+ 1-0

[Event "6th Uppsala Young Champions 2019"]
[Site "Uppsala"]
[Date "2019.10.26"]
[Round "2.1"]
[White "Apol, Luitjen Akselsson"]
[Black "Mihajlov, Sebastian"]
[Result "0-1"]
[ECO "B32"]
[WhiteElo "2129"]
[BlackElo "2387"]
[Annotator "NA"]
[PlyCount "118"]
[EventDate "2019.10.25"]
[EventType "swiss"]
[EventCountry "SWE"]
[SourceTitle "playchess.com"]
[Source "ChessBase"]
[SourceQuality "1"]
[TimeControl "5400+30"]

1. e4 c5 2. Nf3 Nc6 3. d4 cxd4 4. Nxd4 e5 5. Nb5 d6 6. N1c3 a6 7. Na3 Be6 8. Be2 Nf6 9. Bg5 Be7 10. Bxf6 Bxf6 11. Nc4 Nd4 12. a4 ({Better is} 12. Ne3 $11) 12... Rc8 13. Ne3 Bg5 (13... Qb6 $5 14. Rb1 Nxe2 15. Kxe2 Bg5 $15) 14. Bd3 Bxe3 15. fxe3 Nc6 16. O-O O-O 17. Qd2 Qc7 18. Rad1 Rfd8 19. Kh1 Nb4 20. Nd5 Bxd5 21. Qxb4 Be6 22. Qe1 Qc6 23. b3 d5 24. Qh4 (24. exd5 $11 Bxd5 25. Qf2) 24... h6 25. h3 (25. exd5 $11 Bxd5 26. Be4) 25... Rd6 26. Rd2 d4 27. exd4 Rxd4 28. Qg3 Qc3 29. Rfd1 Rd6 30. Qf2 Rcd8 31. Qf1 f6 32. Qf3 Bf7 33. Qe2 Rd4 34. Qf3 Kf8 35. Qg3 $2 (35. Kg1 $15) 35... Bh5 36. Qe3 Bxd1 37. Rxd1 b5 38. axb5 axb5 39. Rf1 Qc6 40. Ra1 Ra8 41. Qe1 Rxa1 42. Qxa1 Qb6 43. Qc3 g6 $19 44. Qc8+ Kg7 45. Qe8 Qc5 46. Kh2 h5 47. h4 f5 48. b4 Qd6 49. Qxb5 Rxb4 50. Qa5 Qe7 51. g3 fxe4 52. Be2 e3 53. Qa6 Rb1 54. Qa5 Qb7 55. Qxe5+ Kh7 56. g4 Qh1+ 57. Kg3 Rg1+ 58. Kf4 Qh2+ 59. Ke4 Rxg4+ 0-1

[Event "6th Uppsala Young Champions 2019"]
[Site "Uppsala"]
[Date "2019.10.26"]
[Round "2.2"]
[White "Nilsson, Joakim"]
[Black "Papunidi, Matvey"]
[Result "0-1"]
[ECO "D30"]
[WhiteElo "2305"]
[BlackElo "2083"]
[Annotator "NA"]
[PlyCount "78"]
[EventDate "2019.10.25"]
[EventType "swiss"]
[EventCountry "SWE"]
[SourceTitle "playchess.com"]
[Source "ChessBase"]
[SourceQuality "1"]
[TimeControl "5400+30"]

1. d4 d5 2. c4 c6 3. Nf3 e6 4. g3 dxc4 5. Bg2 b5 6. O-O Bb7 7. Qc2 {[%emt 0:00:22] D30: Queen's Gambit Declined: Systems without Nc3} (7. a4 a6 8. Nc3 Nf6 9. Ne5 Nd5 10. e4 Nxc3 11. bxc3 Nd7 12. f4 Be7 13. Ng4 O-O 14. e5 f5 15. exf6 Nxf6 16. Qe2 Qc8 17. Nxf6+ Bxf6 18. Ba3 c5 19. Bxc5 Re8 20. Bxb7 Qxb7 21. Qg2 {½-½ (62) Miton,K (2588)-Tomashevsky,E (2705) St Petersburg 2018}) 7... Nf6 8. b3 cxb3 9. axb3 Be7 10. Bd2 b4 $146 ({Predecessor:} 10... O-O 11. Ba5 Qc8 12. Rc1 Na6 13. Nc3 {½-½ (49) Nilsson,J (2191)-Kucuksari,K (2327) Uppsala 2018}) 11. Rc1 O-O 12. e3 (12. Bg5 $11 {remains equal.}) 12... Nbd7 13. Ne1 Qb6 (13... a5 $17 14. Nd3 Ba6) 14. Nd3 Rfc8 15. Nc5 $1 a5 16. Be1 $2 (16. Nxb7 $11 Qxb7 17. Bxc6) 16... Nxc5 17. dxc5 Qc7 18. Nd2 Nd7 19. Ne4 f5 20. Nd6 Bxd6 21. cxd6 Qxd6 22. e4 (22. f4 $17 {was called for.}) 22... c5 23. Bd2 Bxe4 24. Bxe4 fxe4 25. Qxe4 Qd5 26. Re1 Qxe4 27. Rxe4 Ra6 28. Be3 {[%emt 0:02:09] [#]} Kf7 (28... a4 $142 $1 29. bxa4 (29. Rxa4 Rxa4) 29... c4) 29. Rc4 Ke7 30. Rd1 a4 31. bxa4 Rxa4 32. Bg5+ Ke8 33. Rdc1 Rca8 34. Be3 b3 35. Rxa4 Rxa4 36. Rb1 c4 37. Kf1 Ra2 38. Ke1 Ne5 39. Kd1 Nd3 $19 0-1

[Event "6th Uppsala Young Champions 2019"]
[Site "Uppsala"]
[Date "2019.10.26"]
[Round "2.3"]
[White "Nguyen, Gabriel"]
[Black "Kristensen, Bjarke Hautop"]
[Result "1/2-1/2"]
[ECO "D85"]
[WhiteElo "2071"]
[BlackElo "2223"]
[Annotator "ChessBase"]
[PlyCount "66"]
[EventDate "2019.10.25"]
[EventType "swiss"]
[EventCountry "SWE"]
[SourceTitle "playchess.com"]
[Source "ChessBase"]
[SourceQuality "1"]
[TimeControl "5400+30"]

1. d4 Nf6 2. c4 g6 3. Nc3 d5 4. cxd5 Nxd5 5. e4 Nxc3 6. bxc3 Bg7 7. Be3 c5 8. Qd2 cxd4 9. cxd4 Nc6 10. Nf3 Bg4 11. Rd1 O-O 12. Be2 Qa5 13. O-O Rac8 14. Qxa5 Nxa5 15. Rc1 a6 16. d5 b5 17. Bc5 Bb2 18. Rb1 Rxc5 19. Rxb2 Rfc8 20. h3 Bxf3 21. gxf3 Rc2 22. Rfb1 Rxb2 23. Rxb2 Rc1+ 24. Kg2 Nc4 25. Bxc4 Rxc4 26. Kg3 Kg7 27. Rd2 a5 28. Kf4 f6 29. Ke3 Rc3+ 30. Rd3 Rc2 31. Rd2 Rc3+ 32. Rd3 Rc2 33. Rd2 Rc3+ 1/2-1/2

[Event "6th Uppsala Young Champions 2019"]
[Site "Uppsala"]
[Date "2019.10.26"]
[Round "2.4"]
[White "Falkevall, Axel"]
[Black "Abdrlauf, Elham"]
[Result "0-1"]
[ECO "D94"]
[WhiteElo "2036"]
[BlackElo "2213"]
[Annotator "NA"]
[PlyCount "124"]
[EventDate "2019.10.25"]
[EventType "swiss"]
[EventCountry "SWE"]
[SourceTitle "playchess.com"]
[Source "ChessBase"]
[SourceQuality "1"]
[TimeControl "5400+30"]

1. e4 c5 2. c3 d5 3. exd5 Qxd5 4. d4 Nf6 5. Nf3 cxd4 6. cxd4 g6 7. Nc3 Qd8 8. Bc4 Bg7 $1 9. O-O O-O 10. h3 Nbd7 11. Re1 Nb6 {[%emt 0:01:57] D94: Grünfeld: 4 Nf3 Bg7 5 e3} 12. Bb3 Nbd5 13. Bg5 h6 $146 ({Predecessor:} 13... b6 14. Ne5 Bb7 15. Rc1 Nxc3 16. bxc3 b5 17. Qe2 a6 {0-1 (57) Popov,I (2617)-Yandemirov,V (2461) Moscow 2010}) 14. Bxf6 Nxf6 15. Qe2 e6 16. Rad1 Bd7 17. d5 exd5 18. Nxd5 ({Much weaker is} 18. Bxd5 $6 Nxd5 19. Nxd5 Re8 $11) 18... Nxd5 19. Bxd5 Qb6 20. Qe7 Bc6 21. Bxc6 Qxc6 22. Qe2 Qb6 23. Rd3 Qa6 24. Ra3 Qf6 25. Rb3 b6 26. Nd2 Rfd8 27. Nc4 Rac8 28. Ne3 Qe6 29. Rd1 Rxd1+ 30. Qxd1 Qe4 $15 31. a3 Be5 32. Rb4 Qb7 33. Ng4 Bg7 34. Qd2 h5 35. Ne3 Qe7 36. Rc4 Rd8 37. Qc2 Be5 38. Re4 Qd6 39. Kf1 Bf6 40. Kg1 Kg7 41. Rc4 Qd2 42. Qxd2 Rxd2 43. Rc7 Rxb2 44. Rxa7 Rb1+ 45. Nf1 Bd4 46. Rd7 Bc5 47. a4 Ra1 48. Rd2 Rxa4 49. Kh2 Ra7 50. Ne3 Bxe3 51. fxe3 b5 52. Kg3 b4 53. Kf4 b3 54. Rb2 Rb7 55. Ke4 Kf6 56. Kd4 Ke6 57. g4 hxg4 58. hxg4 g5 59. Ke4 Rb4+ 60. Kd3 Ke5 61. Kc3 Rb8 62. Kd3 f6 0-1

[Event "6th Uppsala Young Champions 2019"]
[Site "Uppsala"]
[Date "2019.10.26"]
[Round "2.5"]
[White "Narva, David"]
[Black "Palozza, Christian"]
[Result "0-1"]
[ECO "B12"]
[WhiteElo "1979"]
[BlackElo "2187"]
[Annotator "ChessBase"]
[PlyCount "46"]
[EventDate "2019.10.25"]
[EventType "swiss"]
[EventCountry "SWE"]
[SourceTitle "playchess.com"]
[Source "ChessBase"]
[SourceQuality "1"]
[TimeControl "5400+30"]

1. e4 c6 2. d4 d5 3. e5 c5 4. Nf3 Nc6 5. c4 cxd4 6. cxd5 Qxd5 7. Nc3 Qa5 8. Nxd4 Qxe5+ 9. Be3 Nf6 10. Bb5 Bd7 11. O-O e6 12. Nxc6 bxc6 13. Bd4 Qd6 14. Bxf6 cxb5 15. Qxd6 Bxd6 16. Bxg7 Rg8 17. Ne4 Rxg7 18. Nxd6+ Ke7 19. Rfd1 Bc6 20. Rac1 Bxg2 21. Rc7+ Kf6 22. Rd4 Ke5 23. Rd2 Bd5+ 0-1

[Event "6th Uppsala Young Champions 2019"]
[Site "Uppsala"]
[Date "2019.10.26"]
[Round "2.6"]
[White "Fjallheim, Leif Reinert"]
[Black "Vitenberg, Noam Aviv"]
[Result "0-1"]
[ECO "D00"]
[WhiteElo "1985"]
[BlackElo "2223"]
[Annotator "NA"]
[PlyCount "62"]
[EventDate "2019.10.25"]
[EventType "swiss"]
[EventCountry "SWE"]
[SourceTitle "playchess.com"]
[Source "ChessBase"]
[SourceQuality "1"]
[TimeControl "5400+30"]

1. d4 d5 2. Bf4 Nf6 3. e3 c5 4. c3 Nc6 5. Nd2 Bf5 (5... Qb6 6. Qb3 Nh5 7. Qxb6 axb6 8. Bc7 cxd4 9. exd4 e5 10. Bxe5 Nxe5 11. dxe5 Bc5 12. g3 O-O {1-0 (76) Aronian,L (2765)-Caruana,F (2832) London 2018}) 6. Qb3 {[%emt 0:01:16] D00: 1 d4 d5: Unusual lines} Qd7 7. Ngf3 c4 8. Qd1 e6 9. Nh4 Be7 10. Be2 Be4 11. Nhf3 $146 ({Predecessor:} 11. O-O O-O 12. Nhf3 Bd6 13. Nxe4 Nxe4 {½-½ (47) Brotherton,T (1994)-Polyakov,E (1970) ICCF email 2012}) 11... Bg6 12. Ne5 Nxe5 13. Bxe5 b5 14. Nf3 b4 15. Nh4 bxc3 16. bxc3 Ne4 17. Nxg6 hxg6 18. Qc2 f6 19. Bg3 Kf7 20. Rb1 Bd8 (20... f5 $15) 21. Bf3 (21. Bxc4 $5 Ba5 22. Ba6 $11) 21... Nxg3 22. fxg3 Bc7 (22... Bb6 $15) 23. Qf2 Ba5 24. Qc2 f5 25. Kf2 Qd6 26. Ke2 Qa3 27. Kd2 $2 (27. g4 $15) 27... Rab8 28. h3 {[%emt 0:01:32] [#]} Bxc3+ $1 29. Qxc3 Qxa2+ 30. Qc2 {[%emt 0:00:28] [#]} c3+ $1 31. Kd3 Qc4# 0-1

[Event "6th Uppsala Young Champions 2019"]
[Site "Uppsala"]
[Date "2019.10.26"]
[Round "2.7"]
[White "Ostlund, Joar"]
[Black "Vainerchuk, Barys"]
[Result "1/2-1/2"]
[ECO "E12"]
[WhiteElo "1955"]
[BlackElo "2136"]
[Annotator "NA"]
[PlyCount "65"]
[EventDate "2019.10.25"]
[EventType "swiss"]
[EventCountry "SWE"]
[SourceTitle "playchess.com"]
[Source "ChessBase"]
[SourceQuality "1"]
[TimeControl "5400+30"]

1. d4 Nf6 2. c4 e6 3. Nf3 b6 4. Nc3 Bb7 5. Bg5 h6 6. Bh4 {Predecessor:} Be7 $146 7. e3 Ne4 (7... O-O 8. Bd3 c5 9. dxc5 bxc5 10. O-O Nc6 11. a3 Nh5 12. Bxe7 Qxe7 13. Ne4 d5 14. cxd5 exd5 15. Nc3 Nf6 16. Rc1 {0-1 (53) Vovk,Y (2617)-Leko,P (2707) Berlin 2015}) 8. Bxe7 Qxe7 9. Nxe4 Bxe4 10. Bd3 Qb4+ 11. Qd2 Qxd2+ 12. Kxd2 Bxd3 13. Kxd3 Ke7 14. g4 d6 15. h4 Nd7 16. Nd2 g6 17. h5 g5 18. Raf1 Rhg8 19. f3 Raf8 20. Rh2 f5 21. Rhf2 Rg7 22. Ke2 Rgf7 23. Nb1 c5 24. Nc3 cxd4 25. exd4 Nb8 26. d5 Nd7 27. dxe6 Kxe6 28. Nb5 fxg4 29. Nd4+ Ke5 30. Nc6+ Ke6 31. Nd4+ Ke5 32. Nc6+ Ke6 33. Nd4+ 1/2-1/2

[Event "6th Uppsala Young Champions 2019"]
[Site "Uppsala"]
[Date "2019.10.26"]
[Round "2.8"]
[White "Ostensson, Julia"]
[Black "Berglind, Axel"]
[Result "1-0"]
[ECO "B92"]
[WhiteElo "1483"]
[BlackElo "2062"]
[Annotator "NA"]
[PlyCount "75"]
[EventDate "2019.10.25"]
[EventType "swiss"]
[EventCountry "SWE"]
[SourceTitle "playchess.com"]
[Source "ChessBase"]
[SourceQuality "1"]
[TimeControl "5400+30"]

1. e4 c5 2. Nf3 d6 3. d4 cxd4 4. Nxd4 Nf6 5. Nc3 a6 6. Be2 e5 7. Nb3 Be7 8. O-O O-O 9. Be3 Be6 10. f3 Nbd7 11. Nd5 Bxd5 12. exd5 Nh5 13. Qd2 {[%emt 0:02:00] B92: Sicilian Najdorf: 6 Be2} (13. c4 a5 14. Rc1 Bg5 15. Bxg5 Qxg5 16. Qd2 Nf4 17. g3 a4 18. Kh1 axb3 19. gxf4 Qxf4 20. Qxf4 exf4 21. axb3 {0-1 (37) Abdullah,A (2052)-Amonatov,F (2620) Dhaka 2016}) 13... f5 14. c4 $146 ({Predecessor:} 14. Qb4 Bg5 15. Bf2 Qc7 16. c4 Nf4 17. Rfe1 a5 18. Qc3 {½-½ (80) Virag,A (2239)-Lorand,N (2316) Hungary 2011}) 14... Nf4 15. Nd4 Nxe2+ 16. Nxe2 f4 17. Bf2 Rf6 18. Nc3 Rh6 19. Ne4 Qe8 20. b4 Qh5 21. h3 Nf6 22. Be1 Nxe4 23. fxe4 g5 24. Qd1 Qxd1 25. Rxd1 Kf7 26. Bf2 g4 27. hxg4 Rg8 28. c5 (28. Rd3 $14) 28... Rxg4 29. c6 bxc6 30. dxc6 Rhg6 31. g3 fxg3 $11 32. Bb6+ Ke6 33. c7 Kd7 34. Rf7 Rg7 35. Rxe7+ Rxe7 36. Rxd6+ Kxd6 37. c8=Q Rd7 38. Bc5+ 1-0

[Event "6th Uppsala Young Champions 2019"]
[Site "Uppsala"]
[Date "2019.10.26"]
[Round "2.9"]
[White "Pantzar, Milton"]
[Black "Muntean, Victor"]
[Result "1-0"]
[ECO "E70"]
[WhiteElo "2376"]
[BlackElo "2020"]
[Annotator "ChessBase"]
[PlyCount "49"]
[EventDate "2019.10.25"]
[EventType "swiss"]
[EventCountry "SWE"]
[SourceTitle "playchess.com"]
[Source "ChessBase"]
[SourceQuality "1"]
[TimeControl "5400+30"]

1. d4 Nf6 2. c4 g6 3. Nc3 Bg7 4. e4 d6 5. Nge2 O-O 6. Ng3 e5 7. d5 h5 8. Bg5 Qe8 9. Bd3 Nh7 10. Be3 h4 11. Nge2 f5 12. exf5 gxf5 13. f4 Nf6 14. h3 Nh5 15. O-O e4 16. Bc2 Qg6 17. Bf2 Bf6 18. Qe1 Rf7 19. Kh2 Rg7 20. Rg1 Qh6 21. Bxh4 Nxf4 22. Bxf6 Rg6 23. Nxf4 Qxf4+ 24. g3 Qh6 25. Bh4 1-0

[Event "6th Uppsala Young Champions 2019"]
[Site "Uppsala"]
[Date "2019.10.26"]
[Round "2.10"]
[White "Roshka, Yevgeniy"]
[Black "Wernberg, Hugo"]
[Result "1-0"]
[ECO "D78"]
[WhiteElo "2369"]
[BlackElo "2006"]
[Annotator "ChessBase"]
[PlyCount "69"]
[EventDate "2019.10.25"]
[EventType "swiss"]
[EventCountry "SWE"]
[SourceTitle "playchess.com"]
[Source "ChessBase"]
[SourceQuality "1"]
[TimeControl "5400+30"]

1. d4 d5 2. c4 c6 3. Nf3 Nf6 4. g3 g6 5. Bg2 Bg7 6. O-O O-O 7. Nc3 e6 8. Qd3 Nbd7 9. e4 dxe4 10. Nxe4 Nxe4 11. Qxe4 e5 12. dxe5 Re8 13. Bf4 Nxe5 14. Nxe5 Bf5 15. Qe3 f6 16. Nxc6 bxc6 17. Qc5 Be4 18. Bxe4 Rxe4 19. Qxc6 f5 20. Rad1 Qe8 21. Rd7 Rc8 22. Qb7 Bd4 23. Bh6 Rb8 24. Qd5+ Kh8 25. c5 Bxb2 26. c6 Qg8 27. c7 Rc8 28. Rd8 Re8 29. Qxg8+ Kxg8 30. Rxe8+ Rxe8 31. Rb1 Be5 32. Re1 Kf7 33. Rxe5 Rc8 34. Rc5 Ke6 35. Bf4 1-0

[Event "6th Uppsala Young Champions 2019"]
[Site "Uppsala"]
[Date "2019.10.26"]
[Round "2.11"]
[White "Crevatin, Leo"]
[Black "Mitra, Akash"]
[Result "1-0"]
[ECO "E70"]
[WhiteElo "2221"]
[BlackElo "1936"]
[Annotator "NA"]
[PlyCount "79"]
[EventDate "2019.10.25"]
[EventType "swiss"]
[EventCountry "SWE"]
[SourceTitle "playchess.com"]
[Source "ChessBase"]
[SourceQuality "1"]
[TimeControl "5400+30"]

1. d4 Nf6 2. c4 g6 3. Nc3 Bg7 4. e4 d6 5. Nge2 O-O 6. Ng3 c5 7. d5 e5 8. Be2 {[%emt 0:00:30] E70: King's Indian: Miscellaneous lines with 4 e4, including 5 Nge2 and 5 Bd3 0-0 6 Nge2} h5 9. Bg5 a6 {[%emt 0:00:30] [#]} (9... Qc7 $16 {might work better.}) 10. O-O (10. Bxh5 $1 $18 {is the precise move to win.} gxh5 11. Nxh5) 10... Qe8 11. Qd2 Nh7 12. Be3 $146 ({Predecessor:} 12. Bh6 h4 13. Nh1 Qe7 14. Bxg7 Kxg7 {½-½ (40) Bologan,V (2670)-Mamedov,R (2641) Rhodes 2013}) 12... h4 13. Nh1 f5 14. exf5 gxf5 15. f4 Qg6 16. Nf2 Nf6 17. fxe5 dxe5 18. Bxc5 Rf7 19. Nd3 Nbd7 20. Bf2 Bh6 21. Be3 Rg7 (21... h3 $11 22. g3 f4 23. Nxf4 exf4 24. Bxf4 Bf8) 22. Rf2 f4 23. Nxf4 exf4 24. Bxf4 Bxf4 25. Qxf4 Ng4 26. Bxg4 $1 Qxg4 {[%emt 0:00:30] [#]} 27. Qc7 (27. Re1 $1 $18 Qxf4 28. Rxf4) 27... Qg5 $2 {[%emt 0:00:30] [#]} (27... h3 $16 {keeps fighting.}) 28. Ne4 $1 Qe7 $2 (28... Qh6 {was necessary.} 29. Qd8+ Kh7) 29. Re1 Kh8 30. d6 Qe8 31. Qa5 b6 32. Nf6 Qg6 33. Qd5 Bb7 (33... Nxf6 $142 34. Qxa8 Rg8) 34. Qxb7 {[%emt 0:00:30] Double Attack} Rf8 35. Nxd7 {[%emt 0:00:30] Discovered Attack} Rxf2 36. Kxf2 h3 37. g3 Qf5+ 38. Qf3 Qxd7 39. Qh5+ Rh7 40. Qe8+ 1-0

[Event "6th Uppsala Young Champions 2019"]
[Site "Uppsala"]
[Date "2019.10.26"]
[Round "2.12"]
[White "Storme, Isak"]
[Black "Soderstrom, Adrian"]
[Result "1-0"]
[ECO "A15"]
[WhiteElo "2244"]
[BlackElo "1960"]
[Annotator "ChessBase"]
[PlyCount "45"]
[EventDate "2019.10.25"]
[EventType "swiss"]
[EventCountry "SWE"]
[SourceTitle "playchess.com"]
[Source "ChessBase"]
[SourceQuality "1"]
[TimeControl "5400+30"]

1. d4 Nf6 2. Nf3 g6 3. g3 Bg7 4. Bg2 O-O 5. O-O d6 6. b3 b6 7. Bb2 Bb7 8. c4 c5 9. d5 e6 10. dxe6 fxe6 11. Nc3 d5 12. Ng5 Qd7 13. Bh3 Re8 14. Nxd5 Qc6 15. Bxf6 exd5 16. Bg2 Qxf6 17. Bxd5+ Bxd5 18. Qxd5+ Kh8 19. Nf7+ Kg8 20. Nd6+ Qe6 21. Nxe8 Qxd5 22. cxd5 Bxa1 23. Nc7 1-0

[Event "6th Uppsala Young Champions 2019"]
[Site "Uppsala"]
[Date "2019.10.26"]
[Round "2.13"]
[White "Trost, Edvin"]
[Black "Sorensen, Hampus"]
[Result "1/2-1/2"]
[ECO "A06"]
[WhiteElo "1982"]
[BlackElo "2330"]
[Annotator "NA"]
[PlyCount "95"]
[EventDate "2019.10.25"]
[EventType "swiss"]
[EventCountry "SWE"]
[SourceTitle "playchess.com"]
[Source "ChessBase"]
[SourceQuality "1"]
[TimeControl "5400+30"]

1. Nf3 d5 2. e3 Nf6 3. b3 g6 4. Bb2 Bg7 5. c4 e6 6. Nc3 {[%emt 0:03:11] A06: Réti Opening:1 Nf3 d5} (6. d4 O-O 7. Nbd2 dxc4 8. Bxc4 c5 9. O-O cxd4 10. Nxd4 Bd7 11. Rc1 Nc6 12. N2f3 Nxd4 13. Bxd4 {½-½ (36) Vachier Lagrave,M (2779)-Nakamura,H (2777) chess.com INT 2018}) 6... O-O 7. d4 b6 8. Bd3 Bb7 9. O-O Nbd7 10. Qe2 c5 11. cxd5 Nxd5 12. Nxd5 Bxd5 13. Rad1 $146 ({Predecessor:} 13. Rfd1 Qe7 14. e4 Bb7 {0-1 (58) Straeter,T (2348)-Andersson,U (2580) Germany 2005}) 13... Qc7 14. Bb5 Rfd8 15. Bxd7 Rxd7 16. dxc5 bxc5 17. Bxg7 Kxg7 18. Qb2+ f6 19. Ng5 Re8 20. Nh3 e5 21. f4 Bc6 22. Qc3 Ba8 23. fxe5 Rxe5 24. Nf4 Rde7 25. Rd3 Qc6 26. Nd5 Rf5 (26... R5e6 $14) 27. Rxf5 gxf5 28. Nf4 Re4 {[%emt 0:02:03] [#]} 29. Qd2 $1 c4 30. Rc3 Qb6 31. bxc4 Qc5 32. Qd7+ Kh6 33. Ne6 Rxe6 34. Qxe6 $18 Be4 35. Qxf6+ Kh5 36. Qf7+ Kh6 37. Qe6+ Kh5 38. g4+ Kxg4 39. Qg8+ Kh5 40. Qxh7+ Kg5 41. Qg7+ Kh5 42. Qf7+ Kg5 43. Qg8+ Kh5 44. Qh8+ Kg5 45. h4+ Kg4 46. Kf2 Qd6 47. Qg7+ Kh3 48. Ke1 1/2-1/2